 Dungeon Crawl Stone Soup version 0.22-a0-197-g4ac3794 (webtiles) character file.

170 sunny1234 the Skirmisher (level 5, -2/54 HPs)
             Began as an Ogre Skald on Feb 17, 2018.
             Slain by an orc
             ... wielding a +0 flail
              (8 damage)
             ... on level 3 of the Dungeon.
             The game lasted 00:05:41 (3557 turns).

sunny1234 the Skirmisher (Ogre Skald)               Turns: 3557, Time: 00:05:42

Health: -2/54      AC:  4    Str: 20    XL:     5   Next: 51%
Magic:  5/10       EV: 10    Int: 14    God:
Gold:   201        SH:  0    Dex:  9    Spells: 5/10 levels left

rFire    . . .     SeeInvis .   f - +0 spear
rCold    . . .     Gourm    .   (no shield)
rNeg     . . .     Faith    .   b - +1 robe
rPois    .         Spirit   .   (helmet restricted)
rElec    .         Reflect  .   (no cloak)
rCorr    +         Harm     .   (gloves unavailable)
MR       .....                  (boots unavailable)
Stlth    +.........             (no amulet)
HPRegen  0.18/turn              o - ring of resist corrosion
MPRegen  0.12/turn              l - +5 ring of strength

@: singing
A: large, unfitting armour, tough skin 1
a: no special abilities


You were on level 3 of the Dungeon.
You were not hungry.

You visited 1 branch of the dungeon, and saw 4 of its levels.

You collected 201 gold pieces.

Inventory:

Hand Weapons
 a - a +0 spear
 f - a +0 spear (weapon)
Missiles
 g - 32 arrows
Armour
 b - a +1 robe (worn)
Jewellery
 l - a +5 ring of strength (right hand)
 o - a ring of resist corrosion (left hand)
Wands
 h - a wand of random effects (32)
Scrolls
 j - a scroll of noise {unknown}
 m - a scroll of enchant weapon
 n - a scroll of teleportation
 q - 2 scrolls of fear
 s - a scroll of remove curse
 v - a scroll of identify
Potions
 e - a potion of invisibility {unknown}
 i - a potion of degeneration {unknown}
 k - 2 potions of curing {unknown}
 p - a potion of heal wounds {unknown}
 r - a potion of berserk rage {unknown}
 t - a potion of agility {unknown}
 w - a potion of brilliance {unknown}
Books
 c - a book of Battle

   Spells                             Type                      Level
   a - Infusion                       Charms                       1
   b - Shroud of Golubria             Charms/Translocation         2
   c - Song of Slaying                Charms                       2
   d - Spectral Weapon                Hexes/Charms                 3
   e - Regeneration                   Charms/Necromancy            3
Comestibles
 d - 4 rations


   Skills:
 + Level 4.0 Fighting
 + Level 3.0 Polearms
 + Level 3.0 Dodging
 + Level 3.4 Spellcasting
 + Level 3.3 Charms


You had 5 spell levels left.
You knew the following spells:

 Your Spells              Type           Power        Failure   Level  Hunger
a - Infusion              Chrm           ##..         4%          1    #......
b - Shroud of Golubria    Chrm/Tloc      #.........   16%         2    ##.....
c - Song of Slaying       Chrm           ##......     8%          2    ##.....


Dungeon Overview and Level Annotations

Branches:
Dungeon (4/15)
 Temple: D:4-7

Altars:
Ashenzari
Nemelex Xobeh
The Shining One


Innate Abilities, Weirdness & Mutations

You are too large for most types of armour.
You have tough skin. (AC +1)


Message History

The orc hits you but does no damage.
You hit the orc.
You kill the orc!
Your Fighting skill increases to level 4!
The orc hits you but does no damage. The orc closely misses you. x2
You hit the orc but do no damage. The orc barely misses you.
The orc misses you. The orc hits you with a flail.
* * * LOW HITPOINT WARNING * * *
You hit the orc.
The orc is heavily wounded.
The orc hits you.
* * * LOW HITPOINT WARNING * * *
The orc barely misses you. The orc misses you.
You hit the orc.
The orc is severely wounded.
The orc barely misses you. x2
You puncture the orc!
You kill the orc!
The orc hits you with a flail!
You die...

#...#####.###.#.#
##.## #.# #.#.# #.#
#.###.#+## #.#
#........##
#.##########.....#
#.......###.......
#.....#.##........
#))).....'........
#@#...#.##........
#oo..##.###.......
#..####.# ##.....#
#.......# ##...##
##.###### ##'## #.#
#.# #.# #.#
####.###########)##
#............##..<##


You could see 2 orcs.

Vanquished Creatures
  A hound (D:3)
  Robin (D:2)
  2 adders
  4 gnolls
  2 worms (D:2)
  5 orcs
  6 bats
  10 goblins
  7 hobgoblins
  6 jackals (D:2)
  6 kobolds
  A quokka (D:3)
  A ball python (D:3)
  3 frilled lizards
  6 rats
61 creatures vanquished.

Notes
Turn   | Place    | Note
-------+----------+-------------------------------------------
     0 | D:1      | sunny1234 the Ogre Skald began the quest for the Orb.
     0 | D:1      | Reached XP level 1. HP: 22/22 MP: 3/3
   148 | D:1      | Reached XP level 2. HP: 20/29 MP: 5/5
   458 | D:1      | Reached skill level 3 in Fighting
   462 | D:1      | Learned a level 2 spell: Shroud of Golubria
   465 | D:1      | Learned a level 2 spell: Song of Slaying
   507 | D:1      | Found a glowing golden altar of the Shining One.
   860 | D:2      | Noticed Robin
   898 | D:2      | Reached XP level 3. HP: 22/37 MP: 0/7
  1104 | D:2      | Killed Robin
  1841 | D:2      | Reached XP level 4. HP: 42/45 MP: 1/8
  2312 | D:3      | Found a sparkling altar of Nemelex Xobeh.
  2823 | D:3      | Found a shattered altar of Ashenzari.
  2851 | D:3      | Reached XP level 5. HP: 54/54 MP: 9/9
  3098 | D:3      | Found a faded altar of an unknown god.
  3553 | D:3      | Reached skill level 4 in Fighting
  3557 | D:3      | Slain by an orc

Vault maps used:
D:1:      kennysheep_arrival_seaside, tso_altar
D:2:      first_ration, uniq_robin
D:3:      nemelex_xobeh_ov_fountains_minmay, nicolae_ashenzari_panopticon,
          chequers_ecumenical_altar_simple_redux, serial_bayou_pond_e
D:4:      temple_hall, cheibrodos_sewer_entry_drain, uniq_menkaure, uniq_natasha

Skill      XL: |  1  2  3  4  5 |
---------------+----------------+-----
Fighting       | 3 4 |  4.0
Charms         | 3 |  3.3
Spellcasting   | 3 |  3.4
Polearms       | 3 |  3.0
Dodging        | 3 |  3.0

Action                   |  1- 3 |  4- 6 || total
-------------------------+-------+-------++-------
Melee: Spear             |   140 |   109 ||   249
       Unarmed           |     2 |       ||     2
 Cast: Shroud of Golubri |     5 |     3 ||     8
       Infusion          |     4 |     6 ||    10
       Song of Slaying   |     2 |     1 ||     3
  Use: Scroll            |     4 |     3 ||     7
 Stab: Sleeping          |       |     1 ||     1
  Eat: Chunk             |     3 |     5 ||     8
       Ration            |       |     1 ||     1
Armor: Robe              |    50 |    28 ||    78
Dodge: Dodged            |    92 |    66 ||   158

Table legend:
 A = Spawn XP
 B = Non-spawn XP
 C = Spawn XP percentage of total XP
 D = Spawn monster count
 E = Non-spawn monster count
 F = Spawn count percentage of total count
 G = Total turns spent on level
                    A         B        C        D         E        F      G
               +---------+---------+-------+---------+---------+-------+---------
         Total |       0 |     244 |   0.0 |       0 |      61 |   0.0 |  3557
               +---------+---------+-------+---------+---------+-------+---------
           D:1 |       0 |      26 |   0.0 |       0 |      16 |   0.0 |  1021
           D:2 |       0 |      84 |   0.0 |       0 |      22 |   0.0 |  1461
           D:3 |       0 |     131 |   0.0 |       0 |      22 |   0.0 |  1060
           D:4 |       0 |       3 |   0.0 |       0 |       1 |   0.0 |    15
               +---------+---------+-------+---------+---------+-------+---------
